 Dungeon Crawl Stone Soup version 0.32-a0-131-g9dbbe29 (webtiles) character file.

Game seed: 2865119812919016385

1393 danspanner the Covered (level 8, -2/51 HPs)
             Began as a Tengu Fighter on Feb 8, 2024.
             Was a Follower of the Shining One.
             Succumbed to a gnoll sergeant's poison
             ... on level 6 of the Dungeon.
             The game lasted 00:14:12 (4588 turns).

danspanner the Covered (Tengu Fighter)              Turns: 4588, Time: 00:14:13

Health: -2/51      AC:  7    Str: 18    XL:     8   Next: 68%
Magic:  18/18      EV: 13    Int:  8    God:    the Shining One [*.....]
Gold:   196        SH:  5    Dex: 13    Spells: 7/7 levels left

rFire   + . .        a - +0 trident
rCold   . . .        c - +0 buckler
rNeg    . . .        b - +0 scale mail
rPois   .            (helmet restricted)
rElec   .            l - scarf {repulsion}
rCorr   .            (no gloves)
SInv    .            (boots unavailable)
Will    .....        (no amulet) Stlth
                     i - ring of magical power
HPRegen 0.28/turn    q - ring of protection from fire
MPRegen 0.16/turn

%: repel missiles, acrobat
@: lethally poisoned (-2 -> -25), about to teleport, flying, glowing
A: beak, talons 3, evasive flight, acrobatic, weak 1
a: Renounce Religion, Divine Shield


You were on level 6 of the Dungeon.
You worshipped the Shining One.
The Shining One was aware of your devotion.
You visited 1 branch of the dungeon, and saw 6 of its levels.

You collected 196 gold pieces.

Inventory:

Hand Weapons
 a - a +0 trident (weapon)
Armour
 b - a +0 scale mail (worn)
 c - a +0 buckler (worn)
 l - a scarf of repulsion (worn)
Jewellery
 i - a ring of magical power (left hand)
 q - a ring of protection from fire (right hand)
Wands
 p - a wand of polymorph (10)
Scrolls
 d - a scroll of butterflies {unknown}
 k - 2 scrolls of blinking
 n - a scroll of teleportation
 o - a scroll of fog
 r - a scroll of amnesia {unknown}
 t - a scroll of fear {unknown}
Potions
 e - a potion of lignification
 f - a potion of berserk rage
 h - a potion of heal wounds {unknown}
 j - 2 potions of brilliance {unknown}
 m - a potion of degeneration {unknown}
 s - a potion of curing {unknown}


   Skills:
 + Level 6.0 Fighting
 + Level 6.0 Polearms
 + Level 6.6 Armour
 + Level 6.0 Shields


You had 7 spell levels left.
You didn't know any spells.
Your spell library contained the following spells:

 Spells                   Type           Power      Damage    Failure   Level
 Shock                    Conj/Air       0%         1d3       83%         1
 Swiftness                Air            0%         N/A       99%         3
 Tukima's Dance           Hex            0%         N/A       99%         3
 Airstrike                Air            0%         2d(0-16)  100%        4
 Passage of Golubria      Tloc           0%         N/A       100%        4
 Yara's Violent Unravell  Hex/Alch       0%         3d3       100%        5


Dungeon Overview and Level Annotations

Branches:
Dungeon (6/15)             Temple (0/1) D:5

Altars:
Ashenzari
Elyvilon
Ru
Trog
Vehumet
Wu Jian
The Shining One

Shops:
D:3 :

Annotations:
D:4 exclusion: statue


Innate Abilities, Weirdness & Mutations

You have a beak for a mouth.
You have claws for feet.
Your magical flight helps you evade attacks. (EV +4)
You can magically evade attacks while moving or waiting.
You are weak. (Str -2)


Message History

You barely miss the ufetubus. You claw the ufetubus! You peck the ufetubus.
You kill the ufetubus!
The Shining One accepts your kill.
You and your allies can now gain power from killing the unholy and evil.
You can now call upon the Shining One for a divine shield.
The ufetubus slips past you!
The ufetubus hits you but does no damage.
The ufetubus hits you. The ufetubus barely misses you.
The ufetubus hits you but does no damage.
The gnoll hits you from afar with a +0 spear.
The gnoll sergeant closely misses you.
Your Shields skill increases to level 6!
You completely miss the ufetubus. Your kick misses the ufetubus.
You block the ufetubus's attack. x2; The gnoll hits you but does no damage.
The gnoll sergeant hits you from afar with a +3 spear of venom!
You are poisoned.
You hit the ufetubus.
The ufetubus is heavily wounded.
You feel very sick.
The ufetubus barely misses you. x3; You block the ufetubus's attack.
The gnoll hits you but does no damage. You block the gnoll sergeant's attack.
You hit the ufetubus. You peck the ufetubus.
You kill the ufetubus!
The Shining One accepts your kill.
You feel very sick. The gnoll barely misses you.
The gnoll sergeant hits you from afar with a +3 spear of venom!
You are lethally poisoned!
* * * LOW HITPOINT WARNING * * *
You feel extremely sick.
As you read the scroll of teleportation, it crumbles to dust.
You feel strangely unstable.
* * * LOW HITPOINT WARNING * * *
You feel extremely sick.
Okay, then.
Unknown command.
Unknown command.
It was a potion of mutation.
You feel extremely strange.
You feel weaker.
You die...

#.########..............#
#.#..............####.#.#
#.#.#########.#### #.#.#
## #.............# #<#.#
.. #...########### #.#.#
#.#...##### #.#.#
#......<.# #.#.#
#....###.####### #.#.#
#.......ggg@...# #..
#.#......g#####.# #..
..########.# #.. #.. .5.#
#. ..gg.. ##...g..
##.#.... #.....g


You could see a gnoll sergeant and 3 gnolls.

Vanquished Creatures
  Grinder (D:4)
  2 black bears (D:5)
  2 ogres (D:5)
  A centaur (D:5)
  A phantom (D:5)
  A bullfrog (D:4)
  2 scorpions
  A bombardier beetle (D:3)
  2 jellies (D:4)
  An orc priest (D:4)
  3 hounds
  A gnoll bouda (D:4)
  2 iguanas
  Robin (D:3)
  9 gnolls
  4 adders
  2 shadow imps (D:5)
  2 ufetubi (D:6)
  4 dart slugs
  2 ribbon worms (D:2)
  3 orcs (D:4)
  5 ball pythons
  4 bats
  5 endoplasms
  7 giant cockroaches
  17 goblins
  9 hobgoblins
  8 kobolds
  3 quokkas
  2 frilled lizards
  7 rats
114 creatures vanquished.

Notes
Turn   | Place    | Note
-------+----------+-------------------------------------------
     0 | D:1      | danspanner the Tengu Fighter began the quest for the Orb.
     0 | D:1      | Reached XP level 1. HP: 14/14 MP: 2/2
   105 | D:1      | Reached XP level 2. HP: 19/19 MP: 3/3
   585 | D:1      | Reached XP level 3. HP: 23/23 MP: 4/4
   810 | D:2      | Reached XP level 4. HP: 27/28 MP: 5/5
   970 | D:2      | Found a faded altar of an unknown god.
  1358 | D:3      | Noticed Robin
  1375 | D:3      | Killed Robin
  1506 | D:3      | Reached XP level 5. HP: 33/33 MP: 6/6
  1638 | D:3      | Found Xugev's Book Shop.
  1657 | D:3      | Found an ornate altar of the Wu Jian Council.
  2060 | D:4      | Found a broken altar of Ashenzari.
  2107 | D:4      | Found a radiant altar of Vehumet.
  2107 | D:4      | Noticed a charred statue
  2191 | D:4      | Noticed Grinder
  2210 | D:4      | Paralysed by Grinder for 3 turns
  2214 | D:4      | Killed Grinder
  2215 | D:4      | Reached XP level 6. HP: 18/39 MP: 7/7
  2512 | D:4      | Reached skill level 5 in Armour
  2551 | D:4      | Gained mutation: Your magical flight helps you evade
                  | attacks. (EV +4) [Tengu growth]
  2551 | D:4      | Reached XP level 7. HP: 35/44 MP: 8/8
  3013 | D:4      | Reached skill level 5 in Fighting
  3013 | D:4      | Reached skill level 5 in Shields
  3101 | D:4      | Found a bloodstained altar of Trog.
  3266 | D:4      | Found a glowing golden altar of the Shining One.
  3274 | D:4      | Became a worshipper of the Shining One
  3404 | D:5      | Entered Level 5 of the Dungeon
  3412 | D:5      | Reached skill level 5 in Polearms
  3428 | D:5      | Reached XP level 8. HP: 37/49 MP: 9/9
  3908 | D:5      | Found a staircase to the Ecumenical Temple.
  4472 | D:5      | Found a white marble altar of Elyvilon.
  4485 | D:5      | Found a sacrificial altar of Ru.
  4582 | D:6      | Reached * piety under the Shining One
  4587 | D:6      | HP: 2/51 [poisoned by a gnoll sergeant]
  4588 | D:6      | Gained mutation: You are weak. (Str -2) [potion of
                  | mutation]
  4588 | D:6      | Succumbed to a gnoll sergeant's poison

Illustrated notes

Levels and vault maps discovered:
D:1:      ncdulo_smallfort, layout_basic
D:2:      layout_rooms, basic_ecumenical_altar
D:3:      layout_rooms, nzn_wu_jian_council_hall, serial_shops,
          nicolae_shop_tiny_waterfront, uniq_robin
D:4:      layout_loops_ring, nicolae_tso_swordbearing_angel,
          nicolae_ashenzari_skybound, vehumet_statue, lightli_temple_of_fire,
          dreamdust_gnoll_farm, uniq_grinder
D:5:      layout_basic, jmf_multi_god_temple2, temple_statues
D:6:      layout_loops_ring, nicolae_qazlal_beasts_of_the_sky,
          doesnt_shop_hydraphobe, uniq_pikel, uniq_eustachio

Skill      XL: |  1  2  3  4  5  6  7  8 |
---------------+-------------------------+-----
Polearms       | 3 4 5 6 |  6.0
Armour         | 4 5 6 |  6.6
Fighting       | 4 5 6 |  6.0
Shields        | 4 5 6 |  6.0

Action                     |  1- 3 |  4- 6 |  7- 9 || total
---------------------------+-------+-------+-------++-------
  Melee: Trident           |    66 |   125 |   116 ||   307
         Kick              |     7 |    24 |    33 ||    64
         Peck              |     5 |    17 |    19 ||    41
    Use: Scroll            |     5 |     3 |     2 ||    10
         Potion            |       |     1 |     2 ||     3
 Armour: Scale mail        |    33 |    68 |    60 ||   161
  Dodge: Dodged            |    17 |    49 |    66 ||   132
  Block: Buckler           |     7 |    21 |    30 ||    58

Table legend: (Time is in decaauts)
 A = Elapsed time spent in this place.
 B = Non-inter-level travel time spent in this place.
 C = Inter-level travel time spent in this place.
 D = Time resting spent in this place.
 E = Time spent auto-exploring this place.
 F = Levels seen in this place.
 G = Mean time per level.
                   A        B        C        D        E       F      G
               +--------+--------+--------+--------+--------+-----+--------+
         Total |   4630 |   4470 |    160 |     89 |   3596 |   6 |  771.7 |
       Dungeon |   4630 |   4470 |    160 |     89 |   3596 |   6 |  771.7 |
               +--------+--------+--------+--------+--------+-----+--------+

Top non-repeatable levels by time:
     D:4: 1484 daAuts
     D:5: 1126 daAuts
     D:2: 686 daAuts
     D:3: 643 daAuts
     D:1: 627 daAuts
     D:6: 62 daAuts
